 Dungeon Crawl Stone Soup version 0.19-a0-32-gbfd796a (webtiles) character file.

91 Mefis the Magician (level 4, 27/27 HPs)
             Began as a High Elf Wizard on May 2, 2016.
             Was an Initiate of Sif Muna.
             Quit the game on level 2 of the Dungeon.
             The game lasted 00:49:18 (2465 turns).

Mefis the Magician (High Elf Wizard)                Turns: 2465, Time: 00:49:19

Health: 27/27      AC:  5    Str:  6    XL:     4   Next: 33%
Magic:  11/11      EV: 13    Int: 23    God:    Sif Muna [......]
Gold:   50         SH:  0    Dex: 13    Spells: 5 memorised, 1 level left

rFire  + . .     SeeInvis .     p - +0 club
rCold  x . .     Gourm    .     a - +0 robe
rNeg   . . .     Faith    .     (no shield)
rPois  .         Spirit   .     f - +2 helmet
rElec  .         Dismiss  .     (no cloak)
rCorr  .         Reflect  .     (no gloves)
SustAt .         Harm     .     (no boots)
MR     .....                    (no amulet)
Stlth  ++........               (no ring)
                                i - ring of fire

@: not resistant to hostile enchantments, unstealthy
A: no striking features
a: Renounce Religion


You were on level 2 of the Dungeon.
You worshipped Sif Muna.
Sif Muna was noncommittal.
You were hungry.

You visited 1 branch of the dungeon, and saw 2 of its levels.

You collected 50 gold pieces.

Inventory:

Hand Weapons
 p - a +0 club (weapon)
Missiles
 k - 4 javelins (quivered)
 o - 50 arrows
Armour
 a - a +0 robe (worn)
 b - a +0 hat
 f - a +2 helmet (worn)
Jewellery
 i - a ring of fire (left hand)
Scrolls
 e - 2 scrolls of blinking {unknown}
 g - a scroll of enchant armour {unknown}
 j - a scroll of immolation {unknown}
 l - a scroll of identify {unknown}
 q - a scroll of magic mapping {unknown}
Potions
 h - a potion of flight {unknown}
 m - a potion of resistance {unknown}
 n - a potion of cure mutation {unknown}
Books
 c - a book of Minor Magic

   Spells                             Type                      Level
   a - Magic Dart                     Conjuration                  1
   b - Blink                          Translocation                2
   c - Call Imp                       Summoning                    2
   d - Repel Missiles                 Charms/Air                   2
   e - Slow                           Hexes                        2
   f - Conjure Flame                  Conjuration/Fire             3
   g - Mephitic Cloud                 Conjuration/Poison/Air       3
Comestibles
 d - 2 bread rations


   Skills:
 + Level 3.2 Dodging
 + Level 3.1 Stealth
 - Level 0.1 Unarmed Combat
 + Level 4.4 Spellcasting
 + Level 2.1 Conjurations
 + Level 0.0 Charms
 - Level 0.8 Summonings
 + Level 1.1 Translocations
 - Level 0.1 Poison Magic
 + Level 0.0 Invocations


You had one spell level left.
You knew the following spells:

 Your Spells              Type           Power        Failure   Level  Hunger
a - Magic Dart            Conj           ##..         4%          1    None
b - Call Imp              Summ           #.......     14%         2    None
c - Blink                 Tloc           N/A          12%         2    None
d - Repel Missiles        Chrm/Air       #.....       17%         2    None
e - Mephitic Cloud        Conj/Pois/Air  #.......     24%         3    ##.....


Dungeon Overview and Level Annotations

Branches:
Dungeon (2/15)

Altars:
Elyvilon
Pakellas
Qazlal
Sif Muna
The Shining One


Message History

Press: ? - help, Shift-Dir - straight line, f/p - goblin
Aim: a goblin, wielding a club The magic dart hits the goblin.
The goblin is moderately wounded.
Casting: Magic Dart
Confirm with . or Enter, or press ? or * to list all spells.
Aiming: Magic Dart
Press: ? - help, Shift-Dir - straight line, f/p - goblin
Aim: a goblin, wielding a club (moderately wounded)
The magic dart hits the goblin.
You kill the goblin!
Your magical contamination has completely faded away.
Found an oddly glowing altar of Pakellas.
You see here an adder skeleton.
Found a deep blue altar of Sif Muna.
There is a deep blue altar of Sif Muna here.
You kneel at the altar of Sif Muna.
You have lost your religion!
Sif Muna welcomes you!
Are you sure you want to abandon this character and quit the game? (Confirm with "yes".)

...#_#...........#.......#
....#....................#
.......#......#########..#
.#....########## ..#.#####
.#.)....## #...# ....
.....##..###...# #..##
.#..####.......# ....#
.#..## ####....###..###
##...# ##...#@.....#
##...#### #...###..###
........####...##....#
..###..........###..###
..# ##...##....#_...._#
..## ###..†#...##8..8##
#..## ###.####..#..#.#
##..## #..# #..##.#.#
.##..## ##.###...#÷..#


There were no monsters in sight!

Vanquished Creatures
  3 adders
  A worm (D:2)
  3 dart slugs (D:1)
  A giant gecko (D:2)
  3 giant cockroaches (D:1)
  4 goblins
  A hobgoblin (D:2)
  2 jackals (D:1)
  9 kobolds
  2 quokkas (D:2)
  2 ball pythons (D:1)
  3 bats
  3 giant newts (D:1)
  10 rats
47 creatures vanquished.

Vanquished Creatures (collateral kills)
  An adder (D:1)
  A worm (D:2)
  A quokka (D:1)
  A giant newt (D:2)
4 creatures vanquished.

Grand Total: 51 creatures vanquished

Notes
Turn   | Place    | Note
--------------------------------------------------------------
     0 | D:1      | Mefis the High Elf Wizard began the quest for the Orb.
     0 | D:1      | Reached XP level 1. HP: 11/11 MP: 6/6
   143 | D:1      | Reached skill level 4 in Spellcasting
   244 | D:1      | Reached XP level 2. HP: 17/17 MP: 0/8
   254 | D:1      | Learned a level 2 spell: Call Imp
   257 | D:1      | Learned a level 2 spell: Blink
   260 | D:1      | Learned a level 2 spell: Repel Missiles
  1017 | D:1      | Reached XP level 3. HP: 21/21 MP: 5/9
  1022 | D:1      | Learned a level 3 spell: Mephitic Cloud
  1555 | D:2      | Found a faded altar to an unknown god.
  1705 | D:2      | Became a worshipper of Elyvilon the Healer
  1705 | D:2      | Reached * piety under Elyvilon
  1794 | D:2      | Reached XP level 4. HP: 27/27 MP: 6/11
  1802 | D:2      | Found a glowing golden altar of the Shining One.
  1843 | D:2      | Elyvilon protects you from harm!
  1844 | D:2      | Was placed under penance by Elyvilon
  2220 | D:2      | Found a stormy altar of Qazlal.
  2454 | D:2      | Found an oddly glowing altar of Pakellas.
  2461 | D:2      | Found a deep blue altar of Sif Muna.
  2464 | D:2      | Fell from the grace of Elyvilon
  2464 | D:2      | Became a worshipper of Sif Muna the Loreminder
  2465 | D:2      | Quit the game

Vault maps used:
D:1:      saegor_arrival_simple_c
D:2:      tso_metal_star, minitemple, ecumenical_altar_1, minmay_hedge_maze

Skill      XL: |  1  2  3  4 |
---------------+-------------+-----
Spellcasting   | 4 |  4.4
Dodging        | 3 |  3.2
Stealth        | 3 |  3.1
Conjurations   | 2 |  2.1
Unarmed Combat | |  0.1
Summonings     | |  0.8
Translocations | |  1.1
Poison Magic   | |  0.1

Action                   |  1- 3 |  4- 6 || total
-------------------------+-------+-------++-------
Melee: Unarmed           |    22 |     4 ||    26
       Club              |       |     9 ||     9
 Cast: Magic Dart        |    86 |    24 ||   110
       Repel Missiles    |     1 |       ||     1
       Call Imp          |     5 |       ||     5
       Mephitic Cloud    |     1 |     1 ||     2
       Blink             |     1 |       ||     1
Invok: Divine Protection |       |     1 ||     1
 Stab: Confused          |     1 |       ||     1
  Eat: Chunk             |     2 |     2 ||     4
Armor: Robe              |    10 |     3 ||    13
Dodge: Dodged            |    42 |    11 ||    53
       Deflected         |       |     1 ||     1
